 Dungeon Crawl Stone Soup version 0.29.1-2-gbd0b4ee654 (webtiles) character file.

Game seed: 2874559271783344336

1087 Raikaria the Slicer (level 8, 0/49 HPs)
             Began as a Kobold Brigand on Nov 21, 2022.
             Was a Follower of Wu Jian.
             Slain by a bullfrog (5 damage)
             ... on level 6 of the Dungeon.
             The game lasted 00:12:43 (4552 turns).

Raikaria the Slicer (Kobold Brigand)                Turns: 4552, Time: 00:12:44

Health: 0/49       AC:  6    Str:  9    XL:     8   Next: 56%
Magic:  17/17      EV: 17    Int: 12    God:    Wu Jian [*.....]
Gold:   197        SH:  5    Dex: 18    Spells: 7/7 levels left

rFire   . . .      SeeInvis .   a - +2 dagger
rCold   . . .      Faith    .   h - +0 buckler
rNeg    . . .      Spirit   .   b - +0 robe
rPois   .          Reflect  .   s - +0 helmet
rElec   .          Harm     .   c - +0 cloak
rCorr   .          Rampage  .   m - +0 pair of gloves
Will    .....                   j - +0 pair of boots
Stlth   +++++.....              (no amulet)
HPRegen 0.16/turn               i - ring of wizardry
MPRegen 0.15/turn               r - ring of magical power

@: no status effects
A: small, no large weapons, nightstalker 3
a: Renounce Religion


You were on level 6 of the Dungeon.
You worshipped Wu Jian.
Wu Jian was aware of your devotion.
You visited 2 branches of the dungeon, and saw 7 of its levels.

You collected 267 gold pieces.
You spent 70 gold pieces at shops.

Inventory:

Hand Weapons
 a - a +2 dagger (weapon)
 B - the +5 long sword "Icomib" {vorpal, +Blink}
   (You found it on level 5 of the Dungeon)

   It inflicts extra damage upon your enemies.
   +Blink:    It lets you blink.
Missiles
 d - 9 poisoned darts (quivered)
 e - 3 curare-tipped darts
 u - 3 atropa-tipped darts
 y - a throwing net
Armour
 b - a +0 robe (worn)
 c - a +0 cloak (worn)
 h - a +0 buckler (worn)
 j - a +0 pair of boots (worn)
 m - a +0 pair of gloves (worn)
 s - a +0 helmet (worn)
 D - a +0 leather armour
Jewellery
 i - a ring of wizardry (left hand)
 r - a ring of magical power (right hand)
Wands
 x - a wand of digging (8)
Scrolls
 k - 3 scrolls of teleportation {unknown}
 l - a scroll of enchant weapon {unknown}
 n - 3 scrolls of identify {unknown}
 o - a scroll of blinking {unknown}
 q - a scroll of vulnerability {unknown}
 t - a scroll of poison {unknown}
 E - a scroll of magic mapping {unknown}
Potions
 f - 3 potions of curing
 g - 2 potions of lignification {unknown}
 p - 2 potions of brilliance {unknown}
 v - a potion of berserk rage {unknown}
 w - a potion of magic {unknown}
 z - 2 potions of cancellation {unknown}
 C - a potion of haste {unknown}


   Skills:
 - Level 5.0 Fighting
 + Level 8.2 Short Blades
 - Level 2.1 Throwing
 - Level 6.0 Dodging
 - Level 7.0 Stealth
 + Level 1.1 Shields


You had 7 spell levels left.
You didn't know any spells.
Your spell library contained the following spells:

 Spells                   Type           Power      Damage    Failure   Level
 Sting                    Tmut/Pois      0%         1d3       21%         1
 Summon Small Mammal      Summ           0%         N/A       21%         1
 Poisonous Vapours        Pois/Air       0%         N/A       28%         2
 Call Canine Familiar     Summ           0%         N/A       50%         3
 Gell's Gravitas          Tloc           0%         N/A       50%         3
 Lesser Beckoning         Tloc           0%         N/A       50%         3
 Summon Guardian Golem    Hex/Summ       0%         N/A       50%         3
 Teleport Other           Tloc           0%         N/A       50%         3
 Olgreb's Toxic Radiance  Pois           0%         N/A       86%         4
 Ozocubu's Refrigeration  Ice            0%         4d7       100%        7
 Ignition                 Fire           0%         3d3       100%        8


Dungeon Overview and Level Annotations

Branches:
Dungeon (6/15)             Temple (1/1) D:4

Altars:
Dithmenos
Kikubaaqudgha
Wu Jian
Yredelemnul

Shops:
D:2 *(   D:4 *   D:5 [


Innate Abilities, Weirdness & Mutations

You are small and have problems with some larger weapons.
You are completely attuned to the shadows.


Message History

You feel sick. The scorpion closely misses you. The hound bites you.
* * * LOW HITPOINT WARNING * * *
You feel better. You block the scorpion's attack.
The bullfrog barely misses you. The hound closely misses you.
The scorpion misses you. The bullfrog completely misses you.
You spin and attack the bullfrog.
You closely miss the bullfrog.
The bullfrog is heavily wounded.
You spin and attack the scorpion repeatedly.
You hit the scorpion but do no damage.
The scorpion is heavily wounded.
You hit the scorpion.
The scorpion is severely wounded.
The bullfrog hits you!
* * * LOW HITPOINT WARNING * * *
The scorpion misses you. The hound misses you.
You spin and attack the bullfrog repeatedly.
You hit the bullfrog.
The bullfrog is severely wounded.
You barely miss the bullfrog.
The bullfrog is severely wounded.
The bullfrog completely misses you. The bullfrog misses you.
You spin and attack the bullfrog.
You hit the bullfrog.
The bullfrog is severely wounded.
You spin and attack the scorpion.
You barely miss the scorpion.
The scorpion is severely wounded.
The scorpion completely misses you. The bullfrog hits you.
* * * LOW HITPOINT WARNING * * *
The hound misses you.
You hit the scorpion but do no damage.
The scorpion is severely wounded.
You block the bullfrog's attack. You block the scorpion's attack.
The hound closely misses you.
You hit the scorpion but do no damage.
The scorpion is severely wounded.
The bullfrog barely misses you. The scorpion misses you.
The hound completely misses you.
You hit the scorpion.
The scorpion is severely wounded.
The bullfrog hits you.
You die...

......####.
#.....#
#..........
#..<..#
##....####.##
#.....#
##...####...#
#######
#...#.#.#.#.#.
.........!....
....#....$..##
#..#...>.....#
..##)...s@.###
#.......Fh....
####.†.....#..
#...........
##.#.#.#.#..
###.###....
#.. .. ###


You could see a bullfrog, a scorpion and a hound.

Vanquished Creatures
  2 water moccasins (D:5)
  A black bear (D:4)
  2 ice beasts (D:5)
  An ogre (D:5)
  2 scorpions
  A howler monkey (D:6)
  A hound (D:5)
  An orc priest (D:4)
  A gnoll bouda (D:5)
  An iguana (D:5)
  An orc wizard (D:3)
  A hound zombie (D:3)
  3 gnolls (D:5)
  9 adders
  An adder zombie (D:3)
  3 dart slugs
  17 orcs
  5 bats
  3 endoplasms (D:3)
  6 giant cockroaches
  8 goblins
  4 hobgoblins
  7 jackals
  3 kobolds
  4 quokkas
  4 ball pythons
  4 frilled lizards
  A giant cockroach zombie (D:3)
  3 rats
100 creatures vanquished.

Vanquished Creatures (others)
  8 fungi (D:3)
  9 plants (D:3)
17 creatures vanquished.

Grand Total: 117 creatures vanquished

Notes
Turn   | Place    | Note
-------+----------+-------------------------------------------
     0 | D:1      | Raikaria the Kobold Brigand began the quest for the Orb.
     0 | D:1      | Reached XP level 1. HP: 12/12 MP: 1/1
   117 | D:1      | Reached skill level 3 in Short Blades
   132 | D:1      | Reached XP level 2. HP: 17/17 MP: 2/2
   622 | D:1      | Reached XP level 3. HP: 21/21 MP: 3/3
  1152 | D:2      | Found Hyich's General Store.
  1158 | D:2      | Bought a potion of heal wounds for 70 gold pieces
  1332 | D:2      | Found Elobat's Weapon Boutique.
  1361 | D:2      | Reached XP level 4. HP: 26/26 MP: 4/4
  1568 | D:3      | Reached skill level 4 in Short Blades
  1616 | D:3      | Found a basalt altar of Yredelemnul.
  1719 | D:3      | Reached XP level 5. HP: 28/30 MP: 5/5
  1873 | D:3      | Found a faded altar of an unknown god.
  2079 | D:4      | Found a staircase to the Ecumenical Temple.
  2090 | Temple   | Entered the Ecumenical Temple
  2212 | Temple   | Became a worshipper of the Wu Jian Council
  2270 | D:5      | Entered Level 5 of the Dungeon
  2388 | D:4      | Found Zausocat's Assorted Antiques.
  2467 | D:4      | Noticed a black bear
  2470 | D:4      | Killed a black bear
  2471 | D:4      | Reached skill level 5 in Short Blades
  2471 | D:4      | Reached XP level 6. HP: 35/35 MP: 6/6
  3367 | D:3      | Reached * piety under Wu Jian
  3601 | D:5      | Reached XP level 7. HP: 41/41 MP: 7/7
  3802 | D:5      | Noticed a water moccasin
  3805 | D:5      | Killed a water moccasin
  3806 | D:5      | Reached skill level 6 in Short Blades
  3806 | D:5      | Reached skill level 5 in Dodging
  3929 | D:5      | Noticed a water moccasin
  3940 | D:5      | Killed a water moccasin
  3969 | D:5      | Reached XP level 8. HP: 48/48 MP: 8/8
  3975 | D:5      | Reached skill level 7 in Short Blades
  4270 | D:5      | Found Henannetz's Antique Armour Shoppe.
  4296 | D:5      | Reached skill level 5 in Fighting
  4326 | D:5      | Identified the +5 long sword "Icomib" {vorpal, +Blink}
  4453 | D:6      | Reached skill level 8 in Short Blades
  4465 | D:6      | Reached skill level 1 in Shields
  4552 | D:6      | Slain by a bullfrog

Illustrated notes

Levels and vault maps discovered:
D:1:      eino_arrival_water_cross, layout_basic
D:2:      layout_loops_ring, serial_shops, nicolae_shop_statue_plus, shop
D:3:      layout_rooms, nicolae_yredelemnul_corpse_copse,
          dreamdust_ecumenical_altar_grove
D:4:      layout_rooms, minmay_temple_entry_hall, serial_shops,
          nicolae_shop_statue_plus, grunt_ministairs_12
D:5:      layout_basic, serial_shops, nicolae_square_shop,
          mrwooster_statue_mirror
D:6:      layout_basic, st_stairs_4, kennysheep_big_empty_room, hex_medium,
          minmay_fractal_squares_gapless_5, uniq_grinder
Temple:   mainiacjoe_temple_big_plus

Skill      XL: |  1  2  3  4  5  6  7  8 |
---------------+-------------------------+-----
Short Blades   | 3 4 5 6 8 |  8.2
Dodging        | 2 3 4 5 6 |  6.0
Stealth        | 6 7 |  7.0
Fighting       | 3 4 5 |  5.0
Shields        | 1 |  1.1
Throwing       | |  2.1

Action                   |  1- 3 |  4- 6 |  7- 9 || total
-------------------------+-------+-------+-------++-------
Melee: Dagger            |    95 |   222 |   193 ||   510
       Punch             |     1 |     2 |     1 ||     4
Invok: Lunge             |       |    14 |    12 ||    26
       Whirlwind         |       |     4 |    80 ||    84
  Use: Potion            |       |     2 |     3 ||     5
 Stab: Sleeping          |    16 |    13 |    10 ||    39
       Distracted        |       |     1 |       ||     1
Armor: Robe              |    19 |    28 |    24 ||    71
Dodge: Dodged            |    59 |   102 |   108 ||   269
Block: Buckler           |       |       |    21 ||    21
